 Dungeon Crawl Stone Soup version 0.30-a0-719-gcc4359ea44 (webtiles) character file.

Game seed: 1696759826332093609

65 jlumianski the Covered (level 3, -3/29 HPs)
             Began as a Demonspawn Fighter on Jan 26, 2023.
             Slain by an iguana (10 damage)
             ... on level 3 of the Dungeon.
             The game lasted 00:03:40 (921 turns).

jlumianski the Covered (Demonspawn Fighter)          Turns: 921, Time: 00:03:42

Health: -3/29      AC:  6    Str: 18    XL:     3   Next: 94%
Magic:  3/3        EV:  5    Int:  9    God:
Gold:   198        SH: 20    Dex: 12    Spells: 2/2 levels left

rFire   . . .      SeeInvis .    a - +0 war axe
rCold   . . .      Faith    .    n - +0 tower shield
rNeg    . . .      Spirit   .    b - +0 scale mail
rPois   .          Reflect  .    (no helmet)
rElec   .          Harm     .    (no cloak)
rCorr   +          Rampage  .    (no gloves)
Will    .....                    (no boots) Stlth
                                 (no amulet)
HPRegen 0.24/turn                k - ring of resist corrosion
MPRegen 0.08/turn                (no ring)

@: no status effects
A: large bone plates 1, condensation shield
a: no special abilities


You were on level 3 of the Dungeon.
You visited 1 branch of the dungeon, and saw 4 of its levels.

You collected 198 gold pieces.

Inventory:

Hand Weapons
 a - a +0 war axe (weapon)
Missiles
 f - 12 stones (quivered)
 h - 6 poisoned darts
Armour
 b - a +0 scale mail (worn)
 c - a +0 buckler
 n - a +0 tower shield (worn)
Jewellery
 j - a ring of ice
 k - a ring of resist corrosion (left hand)
Wands
 q - a wand of iceblast (3)
Scrolls
 e - a scroll of immolation {unknown}
 g - a scroll of enchant weapon {unknown}
 i - a scroll of vulnerability {unknown}
 l - 2 scrolls of amnesia {unknown}
 o - a scroll of teleportation {unknown}
 r - a scroll of brand weapon {unknown}
Potions
 d - a potion of might
 m - a potion of magic {unknown}
 p - a potion of lignification {unknown}


   Skills:
 + Level 3.2 Fighting
 + Level 2.3 Axes
 + Level 3.3 Armour
 + Level 0.4 Dodging
 + Level 3.2 Shields


You had 2 spell levels left.
You didn't know any spells.
Your spell library was empty.

Dungeon Overview and Level Annotations

Branches:
Dungeon (4/15)
 Temple: D:4-7

Altars:


Innate Abilities, Weirdness & Mutations

You are partially covered in large bone plates. (SH +4)
A meltable shield of frost defends you. (SH +4)


Message History

The endoplasm hits you but does no damage.
You slash the endoplasm!
You kill the endoplasm!
There is a stone staircase leading down here.
You climb downwards.
There is a stone staircase leading up here.
You climb upwards.
There is a stone staircase leading down here.
A ball python comes into view.
The ball python hisses angrily.
You block the ball python's attack. x2
You slash the ball python!
You kill the ball python!
You open the door.
There is an open door here.
There is a stone staircase leading up here.
An adder comes into view.
The adder hisses angrily.
The adder moves out of view.
An adder and an iguana come into view.
Found 3 stones.
The iguana hisses angrily.
You slash the adder!
The adder is severely wounded.
You block the adder's attack. x2
You closely miss the adder.
The adder is severely wounded.
The adder bites you but does no damage. You block the adder's attack.
The adder bites you but does no damage. The iguana bites you!
You hit the adder.
The adder is almost dead.
You closely miss the iguana. You block the adder's attack.
The iguana bites you but does no damage.
The adder barely misses you.
You barely miss the adder.
The adder is almost dead.
You hit the iguana. You block the adder's attack. The iguana bites you!
* * * LOW HITPOINT WARNING * * *
You block the adder's attack. The iguana bites you!
You die...

#.#....####.## #.###+##
##... #####
#.###.####.... #...#
#...<......##. #...#
#########..##. #...#
#.....
.####...###########.####
........................
####..@################
.(....Sl# ####..
.###....# #..... #....#
#.##.. #.....# #...
#.#...# #... #.#...#
#### # #...# #. #.


You could see an iguana and an adder.

Vanquished Creatures
  2 adders (D:2)
  A dart slug (D:1)
  4 ball pythons
  3 bats
  4 endoplasms
  4 giant cockroaches (D:1)
  3 goblins
  7 jackals (D:1)
  3 kobolds (D:1)
  3 quokkas (D:1)
  A frilled lizard (D:1)
  5 rats
40 creatures vanquished.

Notes
Turn   | Place    | Note
-------+----------+-------------------------------------------
     0 | D:1      | jlumianski the Demonspawn Fighter began the quest for the
                  | Orb.
     0 | D:1      | Reached XP level 1. HP: 18/18 MP: 1/1
    81 | D:1      | Gained mutation: A meltable shield of frost defends you.
                  | (SH +4) [demonic ancestry]
    81 | D:1      | Reached XP level 2. HP: 21/24 MP: 2/2
   292 | D:1      | Gained mutation: You are partially covered in large bone
                  | plates. (SH +4) [demonic ancestry]
   292 | D:1      | Reached XP level 3. HP: 29/29 MP: 3/3
   921 | D:3      | Slain by an iguana

Illustrated notes

Levels and vault maps discovered:
D:1:      saegor_arrival_under_anarchy, layout_rooms, minmay_misc_feat_plants
D:2:      layout_loops_ring, hellmonk_ecumenical_altar_slurped_away
D:3:      layout_basic, grunt_gozag_statues, nicolae_uskayaw_en_pointe,
          hangedman_ru_absence, amcnicky_altar_gilded
D:4:      layout_loops_cross, serial_shops, nicolae_square_shop,
          hangedman_decor_lopped, minmay_bisected, uniq_menkaure

Skill      XL: |  1  2  3 |
---------------+----------+-----
Armour         | 3 |  3.3
Axes           | 2 |  2.3
Shields        | 3 |  3.2
Fighting       | |  3.2
Dodging        | |  0.4

Action                     || total
---------------------------++-------
  Melee: War axe           ||    95
 Armour: Scale mail        ||    55
  Dodge: Dodged            ||    39
  Block: Buckler           ||    55
         Tower shield      ||    19

Table legend: (Time is in decaauts)
 A = Elapsed time spent in this place.
 B = Non-inter-level travel time spent in this place.
 C = Inter-level travel time spent in this place.
 D = Time resting spent in this place.
 E = Time spent auto-exploring this place.
 F = Levels seen in this place.
 G = Mean time per level.
                   A        B        C        D        E       F      G
               +--------+--------+--------+--------+--------+-----+--------+
         Total |    969 |    947 |     22 |      0 |    376 |   4 |  242.2 |
       Dungeon |    969 |    947 |     22 |      0 |    376 |   4 |  242.2 |
               +--------+--------+--------+--------+--------+-----+--------+

Top non-repeatable levels by time:
     D:1: 577 daAuts
     D:2: 256 daAuts
     D:3: 134 daAuts
     D:4: 1 daAuts
